 Dungeon Crawl Stone Soup version 0.29.1-1-gd02db6906a (webtiles) character file.

Game seed: 13937374143833868504

40936 EvilAshe the Nimble (level 13, -11/63 HPs)
             Began as a Spriggan Earth Elementalist on Sept 24, 2022.
             Was the Champion of Fedhas.
             Collided with some deep water (17 damage)
             ... caused by a swamp worm
             ... on level 2 of the Lair of Beasts on Sept 25, 2022.
             The game lasted 01:35:49 (28913 turns).

EvilAshe the Nimble (Spriggan Earth Elementalist)  Turns: 28913, Time: 01:35:49

Health: -11/63     AC:  6    Str:  4    XL:     13   Next: 77%
Magic:  30/30      EV: 25    Int: 21    God:    Fedhas [******]
Gold:   645        SH:  7    Dex: 16    Spells: 24/37 levels left

rFire   . . .      SeeInvis +   L - +5 short sword
rCold   + . .      Faith    .   W - +2 buckler
rNeg    + . .      Spirit   .   U - +2 robe of the Cockatrice {rC+ rN+ SInv}
rPois   +          Reflect  .   J - +2 hat
rElec   .          Harm     .   A - scarf {+Inv}
rCorr   .          Rampage  .   (gloves unavailable)
Will    +++..                   (boots unavailable)
Stlth   +.........              V - amulet of magic regeneration
HPRegen 0.20/turn               x - ring of poison resistance
MPRegen 0.62/turn               O - ring of willpower

@: slow
A: very small, no large weapons, unfitting armour, see invisible, speed 3
a: Renounce Religion, Evoke Invisibility, Wall of Briars, Grow Ballistomycete,
Overgrow, Grow Oklob


You were on level 2 of the Lair of Beasts.
You worshipped Fedhas.
Fedhas was exalted by your worship.
You visited 5 branches of the dungeon, and saw 20 of its levels.
You also visited: Bailey.

You collected 1457 gold pieces.
You spent 812 gold pieces at shops.

Inventory:

Hand Weapons
 L - a +5 short sword (weapon)
Missiles
 d - 36 poisoned darts (quivered)
 E - 2 throwing nets
Armour
 a - a +0 robe
 m - +0 ice dragon scales
 w - a +0 cloak
 A - a scarf of invisibility (worn)
 J - a +2 hat (worn)
 P - +0 acid dragon scales
 U - the +2 robe of the Cockatrice (worn) {rC+ rN+ SInv}
   (You bought it in a shop on level 2 of the Orcish Mines)

   rC:        It protects you from cold.
   rN:        It protects you from negative energy.
   SInv:      It lets you see invisible.
 W - a +2 buckler (worn)
Jewellery
 o - an amulet of reflection
 q - a ring of wizardry
 r - a ring of protection from cold
 x - a ring of poison resistance (left hand)
 G - a ring of positive energy
 N - a ring of resist corrosion
 O - a ring of willpower (right hand)
 R - the amulet "Memamp" {rF+ Regen+}
   (You found it on level 2 of the Lair of Beasts)

   [amulet of regeneration]

   rF:        It protects you from fire.
   Regen:     It increases your rate of health regeneration.
 V - an amulet of magic regeneration (around neck)
Wands
 v - a wand of quicksilver (13)
 y - a wand of charming (18)
 I - a wand of mindburst (12)
 K - a wand of flame (8)
 Q - a wand of roots (6)
 T - a wand of digging (5)
Scrolls
 c - 2 scrolls of vulnerability
 e - a scroll of fear
 f - 4 scrolls of poison
 j - 2 scrolls of enchant armour
 t - a scroll of fog
 u - 3 scrolls of teleportation
 F - a scroll of enchant weapon
 H - 2 scrolls of identify
 M - 2 scrolls of magic mapping
 S - a scroll of blinking
Potions
 b - 2 potions of magic
 g - 4 potions of might
 h - 15 potions of curing
 i - 4 potions of mutation
 k - 2 potions of brilliance
 l - 4 potions of invisibility
 n - 5 potions of haste
 p - 5 potions of lignification
 s - 5 potions of ambrosia
 z - 6 potions of heal wounds
 B - 3 potions of flight
 C - 2 potions of cancellation
 D - 4 potions of attraction


   Skills:
 + Level 4.7 Fighting
 + Level 13.9 Dodging
 - Level 3.0 Stealth
 + Level 12.9 Spellcasting
 - Level 4.9 Conjurations
 + Level 9.1 Hexes
 - Level 5.4 Summonings
 - Level 2.2 Transmutations
 - Level 7.7 Earth Magic
 + Level 8.2 Invocations
 + Level 10.1 Evocations


You had 24 spell levels left.
You knew the following spells:

 Your Spells              Type           Power      Damage    Failure   Level
a - Sandblast             Erth           92%        2d19      1%          1
b - Stone Arrow           Conj/Erth      80%        3d12      2%          3
c - Call Canine Familiar  Summ           36%        N/A       3%          3
d - Summon Guardian Gole  Hex/Summ       44%        N/A       1%          3
t - Tukima's Dance        Hex            51%        N/A       1%          3

Your spell library contained the following spells:

 Spells                   Type           Power      Damage    Failure   Level
 Magic Dart               Conj           100%       1d8       1%          1
 Slow                     Hex            100%       N/A       1%          1
 Summon Small Mammal      Summ           100%       N/A       1%          1
 Passwall                 Tmut/Erth      28%        N/A       1%          2
 Searing Ray              Conj           68%        2d6       1%          2
 Confusing Touch          Hex            51%        N/A       1%          3
 Dazzling Flash           Conj/Hex       86%        N/A       1%          3
 Cause Fear               Hex            25%        N/A       2%          4
 Inner Flame              Hex/Fire       32%        N/A       4%          3
 Fulminant Prism          Conj/Hex       21%        3d13      6%          4
 Petrify                  Tmut/Erth      34%        N/A       14%         4
 Yara's Violent Unravell  Hex/Tmut       18%        3d9       28%         5
 Frozen Ramparts          Ice            26%        1d4       32%         3
 Vampiric Draining        Necr           13%        2d6       32%         3
 Summon Ice Beast         Ice/Summ       25%        N/A       34%         4
 Silence                  Hex/Air        16%        N/A       41%         5
 Ice Form                 Ice/Tmut       18%        N/A       54%         4
 Passage of Golubria      Tloc           13%        N/A       71%         4
 Agony                    Necr           13%        N/A       96%         5
 Discord                  Hex            25%        N/A       100%        8


Dungeon Overview and Level Annotations

Branches:
Dungeon (11/15)            Temple (0/1) D:5            Lair (5/5) D:8
  Swamp (1/4) Lair:2        Snake (1/4) Lair:2          Orc (2/2) D:10
    Elf (0/3) Orc:2        Bailey (visited)
  Slime: Lair:4-5

Altars:
Ashenzari
Cheibriados
Dithmenos
Fedhas
Makhleb
Trog
Wu Jian
Zin
The Shining One

Shops:
D:4 !(([   D:6 *   D:7 [   Orc:1 (   Orc:2 *([:

Annotations:
Lair:3 1 runed translucent door


Innate Abilities, Weirdness & Mutations

You are very small and have problems with some larger weapons.
You are too small for most types of armour.
You have supernaturally acute eyesight. (SInv)
You cover ground extremely quickly. (Speed+++)


Message History

This branch contains the decaying rune of Zot.
The eleionoma shouts!
Found four items.
There is a staircase back to the Lair here.
There are monsters nearby!
Casting: Stone Arrow (dangerous; 2% risk of failure)
Confirm with . or Enter, or press ? or * to list all spells.
Aiming: Stone Arrow (dangerous; 2% risk of failure)
Press: ? - help, Shift-Dir - straight line, f - swamp worm
Aim: a swamp worm (70% to hit)
The stone arrow hits the swamp worm!
The swamp worm is moderately wounded.
The will-o-the-wisp gives a chilling moan.
The eleionoma flows through the trees.
The will-o-the-wisp gestures.
The will-o-the-wisp conjures some foxfire!
A foxfire comes into view.
The swamp worm bites you! The eleionoma completely misses you.
You climb upwards.
Welcome back to the Lair of Beasts!
There is a staircase to the Swamp here.
As you read the scroll of fear, it crumbles to dust.
You assume a fearsome visage.
The eleionoma looks frightened!
The swamp worm looks frightened!
You enter the shallow water.
Moving in this stuff is going to be slow.
Why would you want to do that?
Unknown command.
Cornered, the swamp worm turns to fight!
The swamp worm fires a harpoon shot at you.
The harpoon shot hits you!
You are yanked forward by the harpoon shot.
You violently stop moving!
Splash!
The swamp worm fires a harpoon shot at you.
The harpoon shot hits you!
* * * LOW HITPOINT WARNING * * *
You are yanked forward by the harpoon shot.
You violently stop moving!
You die...
Fedhas appreciates your contribution to the ecosystem.

.# ##........## ####
#..........# ...# ##..........#
.#.## #...........## #...#
##............#### #..##
####........R.......### #P.##
#.##.....♣♣.♣♣..##....###
##..###..†....♣♣§§♣♣♣....#....#
...........#..♣♣@§§§♣..#####P##
....##........♣♣§§§§♣...# ###
...###......#.♣w§§§§♣#.## ..##
##.....##♣♣♣§§♣♣♣## #.#
#.....## ♣♣♣♣ ### ##.....# #
#######


You could see an eleionoma (fleeing) and a swamp worm.

Vanquished Creatures
  An orc warlord (Orc:2)
  A catoblepas (Lair:2)
  A two-headed ogre (D:11)
  4 death yaks
  An orc high priest (Orc:2)
  An orc knight (Orc:2)
  2 orc sorcerers
  A mana viper (Snake:1)
  A manticore (D:11)
  4 black mambas
  9 elephants
  An unseen horror (D:10)
  7 cane toads
  3 komodo dragons
  A troll (D:8)
  A tyrant leech (Lair:2)
  2 polar bears (Lair:2)
  A queen bee (D:10)
  Grinder (D:5)
  2 blink frogs (Lair:4)
  2 dream sheep (Lair:3)
  A vampire (D:11)
  A wraith (Lair:4)
  5 wyverns
  21 yaks
  A swamp worm (Lair:2)
  An acid dragon (D:9)
  12 water moccasins
  2 ice beasts (D:6)
  18 orc warriors
  10 wolves
  5 ogres
  5 centaurs
  2 gnoll sergeants (D:9)
  6 kobold brigands
  10 bullfrogs
  A necrophage (D:6)
  2 scorpions (D:5)
  14 wights
  17 killer bees
  3 electric eels
  3 howler monkeys
  A jelly (Lair:5)
  10 hounds
  13 orc priests
  A gnoll bouda (D:5)
  2 iguanas
  23 orc wizards
  7 adders
  20 gnolls
  A shadow imp (D:7)
  2 white imps
  2 worms
  2 dart slugs
  81 orcs
  6 endoplasms
  3 giant cockroaches
  7 goblins
  7 hobgoblins
  5 jackals
  3 quokkas
  3 training dummies (Orc:1)
  4 ball pythons
  5 bats
  4 frilled lizards
  27 kobolds
  7 rats
433 creatures vanquished.

Vanquished Creatures (collateral kills)
  Jorgrun (Orc:2)
  Donald (Orc:2)
  An elephant (Lair:3)
  A torpor snail (Lair:2)
  A troll (Orc:2)
  4 dream sheep (Lair:3)
  A wraith (Lair:4)
  A yak (Lair:2)
  3 water moccasins
  An orc warrior (Orc:2)
  A kobold brigand (D:10)
  2 bullfrogs (Lair:1)
  2 killer bees (D:10)
  A hound (D:8)
  4 orcs (Orc:2)
  5 kobolds
  A ballistomycete spore (Orc:2)
31 creatures vanquished.

Vanquished Creatures (others)
  Josephine (Lair:4)
  3 hydras
  2 death yaks (Lair:4)
  2 black mambas
  A cane toad (Lair:3)
  A tyrant leech (Lair:2)
  A wraith (Lair:4)
  3 yaks
  A dancing weapon (Orc:2)
  An acid dragon (D:11)
  5 orc warriors
  2 wolves
  A killer bee (D:10)
  2 orcs
  A bush (Lair:3)
  37 fungi
  50 plants
114 creatures vanquished.

Grand Total: 578 creatures vanquished

Notes
Turn   | Place    | Note
-------+----------+-------------------------------------------
     0 | D:1      | EvilAshe the Spriggan Earth Elementalist began the quest
                  | for the Orb.
     0 | D:1      | Reached XP level 1. HP: 9/9 MP: 5/5
   259 | D:1      | Reached skill level 3 in Dodging
   259 | D:1      | Reached XP level 2. HP: 13/13 MP: 4/6
   892 | D:1      | Found a faded altar of an unknown god.
  1090 | D:2      | Reached XP level 3. HP: 16/16 MP: 5/8
  1096 | D:2      | Learned a level 3 spell: Stone Arrow
  1847 | D:3      | Found a snail-covered altar of Cheibriados.
  1897 | D:3      | Reached XP level 4. HP: 21/21 MP: 2/10
  2448 | D:3      | Reached skill level 4 in Dodging
  2865 | D:3      | Reached XP level 5. HP: 24/24 MP: 9/11
  2914 | D:3      | Reached skill level 1 in Conjurations
  3577 | D:4      | Found a blossoming altar of Fedhas.
  3577 | D:4      | Found a broken altar of Ashenzari.
  3590 | D:4      | Became a worshipper of Fedhas Madash
  3726 | D:4      | Found Maocudud's Distillery.
  3727 | D:4      | Found Tasenius's Antique Weapon Boutique.
  3863 | D:4      | Found Suzimab's Armour Boutique.
  3864 | D:4      | Found Noethrefo's Weapon Boutique.
  3879 | D:4      | Bought a potion of curing for 36 gold pieces
  3883 | D:4      | Learned a level 3 spell: Call Canine Familiar
  4081 | D:4      | You fall into a shaft and drop 3 floors!
  4196 | D:7      | Found an ornate altar of the Wu Jian Council.
  4223 | D:6      | Noticed an ice beast
  4226 | D:6      | Reached XP level 6. HP: 28/28 MP: 8/13
  4355 | D:6      | Reached skill level 5 in Dodging
  4554 | D:6      | Killed an ice beast
  4555 | D:6      | Reached skill level 5 in Earth Magic
  4555 | D:6      | Reached XP level 7. HP: 32/32 MP: 10/15
  4636 | D:5      | Entered Level 5 of the Dungeon
  4671 | D:5      | Found a burning altar of Makhleb.
  4672 | D:5      | Found a glowing golden altar of the Shining One.
  4710 | D:5      | Noticed Grinder
  5002 | D:5      | Reached skill level 5 in Spellcasting
  5233 | D:5      | Reached * piety under Fedhas
  5565 | D:5      | Found a staircase to the Ecumenical Temple.
  5736 | D:5      | Found a glowing silver altar of Zin.
  5738 | D:5      | Noticed an angel
  5819 | D:5      | Reached skill level 6 in Dodging
  6079 | D:5      | Reached XP level 8. HP: 36/36 MP: 14/17
  6234 | D:5      | Found a bloodstained altar of Trog.
  7096 | D:6      | Found Xuyteak's Assorted Antiques.
  7288 | D:6      | Reached skill level 7 in Dodging
  7450 | D:6      | Reached ** piety under Fedhas
  8009 | D:7      | Found Aneon's Antique Armour Boutique.
  8018 | D:7      | Bought an embroidered hat for 238 gold pieces
  8352 | D:7      | Reached XP level 9. HP: 39/39 MP: 16/20
  8638 | D:7      | Reached skill level 8 in Dodging
  9190 | D:8      | Reached skill level 1 in Summonings
  9362 | D:8      | Found a flagged portal.
  9393 | Bailey   | Entered a bailey
 10175 | D:8      | Noticed a troll
 10196 | D:8      | Killed a troll
 10197 | D:8      | Reached skill level 9 in Dodging
 10305 | D:8      | Reached XP level 10. HP: 44/44 MP: 16/23
 10492 | D:8      | Reached *** piety under Fedhas
 11099 | D:8      | Found a staircase to the Lair.
 11564 | D:9      | Found a shadowy altar of Dithmenos.
 11767 | D:9      | Reached skill level 1 in Invocations
 12659 | D:9      | Reached **** piety under Fedhas
 12888 | D:9      | Learned a level 3 spell: Summon Guardian Golem
 13088 | D:10     | Entered Level 10 of the Dungeon
 13188 | D:10     | Reached skill level 1 in Evocations
 13409 | D:10     | Reached skill level 10 in Dodging
 13728 | D:10     | Reached skill level 1 in Hexes
 13881 | D:10     | Found a staircase to the Orcish Mines.
 15118 | D:10     | Reached ***** piety under Fedhas
 15366 | D:11     | Noticed a seven-headed hydra
 15402 | D:11     | Killed a seven-headed hydra
 15403 | D:11     | Reached XP level 11. HP: 30/47 MP: 19/25
 15786 | D:11     | Noticed a two-headed ogre
 15810 | D:11     | Killed a two-headed ogre
 16049 | Lair:1   | Entered Level 1 of the Lair of Beasts
 16063 | Lair:1   | Noticed an eight-headed hydra
 16074 | Lair:1   | Killed an eight-headed hydra
 16075 | Lair:1   | Reached skill level 10 in Spellcasting
 16142 | Lair:1   | Reached skill level 11 in Dodging
 16174 | Lair:1   | Reached skill level 5 in Evocations
 17030 | Lair:1   | Reached skill level 5 in Summonings
 17175 | Lair:1   | Reached skill level 5 in Hexes
 17277 | Lair:1   | Reached skill level 5 in Invocations
 17814 | Lair:2   | Noticed a catoblepas
 18776 | Lair:2   | Reached XP level 12. HP: 25/51 MP: 21/27
 19714 | Lair:2   | Reached skill level 12 in Dodging
 19880 | Lair:2   | Found a staircase to the Snake Pit.
 19968 | Lair:2   | Reached skill level 1 in Fighting
 20183 | Lair:2   | Noticed a death yak
 20187 | Lair:2   | Noticed a five-headed hydra
 20227 | Lair:2   | Killed a five-headed hydra
 20228 | Lair:2   | Killed a death yak
 20472 | Lair:2   | Identified the amulet "Memamp" {rF+ Regen+}
 20582 | Lair:2   | Found a staircase to the Swamp.
 20839 | Lair:2   | Killed a catoblepas
 20953 | Lair:3   | Learned a level 3 spell: Tukima's Dance
 22223 | Lair:3   | Found a runed translucent door.
 22223 | Lair:3   | Found the +3 hat of Pondering {ponderous, Will+ MP+10
                  | Int+5}
 22663 | Lair:4   | Reached ****** piety under Fedhas
 23285 | Lair:4   | Noticed Josephine
 23392 | Lair:4   | Noticed a death yak
 23395 | Lair:4   | Noticed a death yak
 23399 | Lair:4   | Noticed a death yak
 23399 | Lair:4   | Noticed a death yak
 23399 | Lair:4   | Noticed a death yak
 23428 | Lair:4   | Killed a death yak
 23429 | Lair:4   | Reached skill level 13 in Dodging
 23429 | Lair:4   | Reached XP level 13. HP: 60/60 MP: 23/30
 24055 | Lair:4   | Killed Josephine
 24273 | Lair:5   | Entered Level 5 of the Lair of Beasts
 24533 | Lair:4   | HP: 3/61 [poisoned by a cane toad]
 25478 | D:5      | Killed Grinder
 25598 | Orc:1    | Entered Level 1 of the Orcish Mines
 26070 | Orc:1    | Found Foovied's Firing Range.
 26270 | Orc:2    | Entered Level 2 of the Orcish Mines
 26275 | Orc:2    | Found a staircase to the Elven Halls.
 26717 | Orc:2    | Identified the +3 kite shield "Niuleq" {Str+3 Int+3}
 26717 | Orc:2    | Noticed Donald
 26753 | Orc:2    | Killed Donald
 26994 | Orc:2    | Found Faits's Book Boutique.
 27131 | Orc:2    | Noticed Jorgrun
 27138 | Orc:2    | Killed Jorgrun
 27440 | Orc:2    | Noticed an orc warlord
 27996 | Orc:2    | Killed an orc warlord
 27997 | Orc:2    | Reached skill level 10 in Evocations
 28095 | Orc:2    | Found Ruthir's Antique Weapon Emporium.
 28097 | Orc:2    | Found Tarot's Antique Armour Shoppe.
 28114 | Orc:2    | Bought a transparent robe for 159 gold pieces
 28114 | Orc:2    | Identified the +2 robe of the Cockatrice {rC+ rN+ SInv}
                  | (You bought it in a shop on level 2 of the Orcish Mines)
 28114 | Orc:2    | Bought a glowing buckler for 210 gold pieces
 28551 | Orc:2    | Found Nyzuv's General Store.
 28556 | Orc:2    | Bought a potion of haste for 130 gold pieces
 28556 | Orc:2    | Bought a potion of curing for 39 gold pieces
 28734 | Snake:1  | Entered Level 1 of the Snake Pit
 28905 | Swamp:1  | Entered Level 1 of the Swamp
 28905 | Swamp:1  | Noticed an eleionoma
 28913 | Lair:2   | Collided with some deep water

Illustrated notes

Levels and vault maps discovered:
D:1:      nicolae_arrival_washed_ashore, layout_basic,
          shapermc_ecumenical_altar_mp_highgroup
D:2:      layout_rooms
D:3:      layout_loops_corners, lemuel_doored_altar, minmay_misc_feat_pillars,
          minmay_fractal_squares_diagonal_5
D:4:      layout_loops_cross, amethyst_overflow_temple_binary,
          minmay_shop_grid_forest
D:5:      layout_loops_cross, lemuel_coloured_pillars_altar, zin_angel,
          gammafunk_temple_overflow_statue, minmay_temple_entry_overgrown,
          serial_co_window_serial, co_window_of_opportunity_a,
          co_window_corner_a, co_window_cross_1, co_window_paths_b,
          co_window_paths_a, co_window_paths_b, co_window_paths_b,
          co_window_of_opportunity_b, co_window_2corner, co_window_broadway_c,
          co_window_corner_b, uniq_grinder
D:6:      layout_basic, serial_shops, nicolae_shop_crystal, corner_web_ring
D:7:      layout_basic, nzn_wu_jian_council_hall, serial_shops, shop_statue,
          hangedman_decor_diamond_cutter
D:8:      layout_gridville, erik_lair_island, enter_bailey_7
D:9:      layout_stronghold, mainiacjoe_overflow_brackets, minivault_10
D:10:     layout_basic, orc_0_dummy, minivault_7
D:11:     layout_roguey, biasface_ghost_orc_armoury, grunt_ministairs_2
Lair:1:   layout_loops_ring, infiniplex_staircase_pool_2, grunt_megastairs_3,
          lemuel_fruit_tree
Lair:2:   layout_cave_pods, minmay_swamp_entry_worms, dummy_snake_entry,
          portal_ice_cave_entry_pillars_1, hangedman_lair_generics_rect
Lair:3:   gammafunk_indiana_jones, layout_gridlike, grunt_megastairs_1
Lair:4:   layout_cave_pods, uniq_josephine
Lair:5:   minmay_lair_end_enchanted_forest, layout_gridlike,
          minmay_slime_entry_jelly_boxes, basic_altar, dreamdust_wasp_nest
Swamp:1:  layout_basic_swamp, evilmike_swamp_ruin_rubble_1
Snake:1:  layout_onion_interference
Orc:1:    layout_caves, nicolae_shop_firing_range
Orc:2:    grunt_orc_community_town_hall, layout_caves,
          grunt_orc_community_big_house_2, grunt_orc_community_big_house_2,
          grunt_orc_community_house_2, grunt_orc_community_house_2,
          grunt_orc_community_house_1, grunt_orc_community_house_3, basic_altar,
          nicolae_orc_crystal_geode, uniq_jorgrun, uniq_donald

Skill      XL: |  1  2  3  4  5  6  7  8  9 10 11 12 13 |
---------------+----------------------------------------+-----
Dodging        | 3 4 5 6 7 9 10 11 13 | 13.9
Spellcasting   | 3 4 5 7 8 9 10 12 | 12.9
Transmutations | 2 |  2.2
Earth Magic    | 3 4 5 6 7 |  7.7
Conjurations   | 1 2 3 4 |  4.9
Summonings     | 2 4 5 |  5.4
Invocations    | 3 5 7 8 |  8.2
Evocations     | 3 6 8 10 | 10.1
Hexes          | 3 5 7 9 |  9.1
Fighting       | 3 4 |  4.7
Stealth        | |  3.0

Action                   |  1- 3 |  4- 6 |  7- 9 | 10-12 | 13-15 || total
-------------------------+-------+-------+-------+-------+-------++-------
Melee: Long sword        |       |       |     2 |       |       ||     2
       Trident           |       |       |     1 |     8 |     9 ||    18
Throw: Dart              |       |       |       |     2 |       ||     2
 Cast: Sandblast         |    60 |    87 |   220 |   403 |   114 ||   884
       Stone Arrow       |       |       |     3 |    60 |   139 ||   202
       Call Canine Famil |       |       |       |    48 |    23 ||    71
       Summon Guardian G |       |       |       |    40 |    19 ||    59
       Tukima's Dance    |       |       |       |       |     2 ||     2
Invok: Wall of Briars    |       |       |       |     2 |       ||     2
       Overgrow          |       |       |       |       |     3 ||     3
Evoke: Wand              |       |       |       |     3 |       ||     3
  Use: Scroll            |       |     5 |    14 |     7 |     2 ||    28
       Potion            |       |       |       |     1 |       ||     1
 Stab: Sleeping          |       |       |     2 |       |       ||     2
Armor: Robe              |     2 |     3 |     3 |     6 |     1 ||    15
       Acid dragon scale |       |       |       |    19 |    14 ||    33
Dodge: Dodged            |    12 |    22 |    67 |   143 |    84 ||   328
Block: Other             |     1 |     5 |    15 |    31 |       ||    52
       Reflection        |       |       |       |     4 |       ||     4
